 Dungeon Crawl Stone Soup version 0.14.1 (webtiles) character file.

5608 Heini the Cleaver (level 10, 0/92 HPs)
             Began as a Hill Orc Fighter on Apr 29, 2014.
             Was a Follower of Okawaru.
             Killed from afar by a gargoyle (4 damage)
             ... with a stone arrow
             ... on Level 9 of the Dungeon.
             The game lasted 00:28:18 (8046 turns).

Heini the Cleaver (Hill Orc Fighter)                Turns: 8046, Time: 00:28:18

HP   0/92        AC 15     Str 23      XL: 10   Next: 60%
MP  11/11        EV 14     Int  8      God: Okawaru [*.....]
Gold 426         SH  0     Dex 15      Spells:  0 memorised,  9 levels left

rFire  + . .     SeeInvis .     t - +0,-1 battleaxe
rCold  . . .     Clarity  .     r - +2 scale mail {rPois}
rNeg   . . .     Conserve .     (no shield)
rPois  +         rCorr    .     h - +1 helmet
rElec  .         rRot     .     n - +0 cloak
SustAb . .       Spirit   .     z - +0 pair of gloves (curse)
rMut   .         Warding  .     (no boots)
Saprov + . .     Stasis   .     (no amulet)
MR     .....                    j - ring of protection from fire
                                (no ring)

@: agile, not resistant to hostile enchantments, very unstealthy
A: saprovore 1
a: Heroism, Renounce Religion


You were on level 9 of the Dungeon.
You worshipped Okawaru.
Okawaru was aware of your devotion.
You were not hungry.

You visited 2 branches of the dungeon, and saw 10 of its levels.

You collected 426 gold pieces.

Inventory:

Hand weapons
 a - a +1,+1 war axe
 t - a +0,-1 battleaxe (weapon)
Armour
 c - a +0 shield
 h - a +1 helmet (worn)
 n - a +0 cloak (worn)
 r - a +2 scale mail of poison resistance (worn)
 z - a cursed +0 pair of gloves (worn)
Magical devices
 g - a wand of magic darts (9)
 y - a wand of polymorph (16)
 A - a wand of paralysis (15)
 E - a wand of disintegration (14)
 M - a wand of lightning (7)
 N - a wand of paralysis (17)
 Q - a wand of fire (3)
Comestibles
 b - a cheese
 d - 2 meat rations
 u - 9 bread rations
 B - a pear
 D - 2 oranges
 F - 7 beef jerkies
 H - a lychee
 J - 2 rotting chunks of hobgoblin flesh
 R - 5 chunks of boring beetle flesh
 S - a chunk of rat flesh
Scrolls
 e - 3 scrolls of teleportation
 l - 3 scrolls of enchant weapon II
 m - 5 scrolls of blinking
 q - a scroll of magic mapping
 w - 5 scrolls of remove curse
 I - 2 scrolls of immolation {unknown}
Jewellery
 j - a ring of protection from fire (right hand)
 s - an uncursed ring of fire
 x - an uncursed ring of ice {unknown}
 C - a +3 ring of intelligence {unknown}
Potions
 f - a potion of restore abilities {unknown}
 i - 2 potions of magic
 k - 6 potions of curing
 o - a potion of might
 p - 3 potions of brilliance
 G - a potion of poison
 K - a potion of flight
Books
 L - a book of Alchemy

   Spells                             Type                      Level
   Lethal Infusion                    Charms/Necromancy            2
   Sublimation of Blood               Necromancy                   2
   Condensation Shield                Ice                          4
   Petrify                            Transmutation/Earth          4
   Ignite Poison                      Fire/Transmutation           5
 O - a book of Debilitation

   Spells                             Type                      Level
   Corona                             Hexes                        1
   Slow                               Hexes                        2
   Inner Flame                        Hexes/Fire                   3
   Enslavement                        Hexes                        4
   Cause Fear                         Hexes                        4
   Leda's Liquefaction                Hexes/Earth                  4
 P - a Young Poisoner's Handbook

   Spells                             Type                      Level
   Sting                              Conjuration/Poison           1
   Cure Poison                        Poison                       2
   Mephitic Cloud                     Conjuration/Poison/Air       3
   Olgreb's Toxic Radiance            Poison                       4
   Venom Bolt                         Conjuration/Poison           5


   Skills:
 * Level 9.7 Fighting
 * Level 13.5 Axes
 * Level 9.5 Armour
   Level 3.2 Shields
 + Level 0.7 Evocations


You had 9 spell levels left.
You didn't know any spells.

Dungeon Overview and Level Annotations

Branches:
Dungeon (9/15)             Temple (1/1) D:6            Lair (0/8) D:9
    Orc: D:9-12

Altars:
Ashenzari
Cheibriados
Elyvilon
Fedhas
Kikubaaqudgha
Makhleb
Nemelex Xobeh
Okawaru
Sif Muna
Trog
Vehumet
Xom
Yredelemnul
Zin
The Shining One


Innate Abilities, Weirdness & Mutations

You can tolerate rotten meat.


Message History

You hear a grinding noise.
The gargoyle hits you but does no damage.
You hit the gargoyle but do no damage. You hit the yak.
The yak is lightly wounded.
The yak barely misses you.
You closely miss the yak.
The yak is lightly wounded.
You hit the gargoyle but do no damage. The gargoyle hits you with a mace!
* * * LOW HITPOINT WARNING * * *
The yak completely misses you. The yak gores you but does no damage.
The gargoyle hits you with a mace!
* * * LOW HITPOINT WARNING * * *
The yak barely misses you.
Drink which item? (? for menu, Esc to quit)
You feel agile all of a sudden. The yak barely misses you.
You hear a grinding noise.
The gargoyle hurls a stone arrow at you.
The stone arrow hits you!
You die...

#..##.....## #...###....#
#....#.....# #.........#
#### # # #......##.#
##...#.# .##.#....###.#
##......# #..####...##.#
#.......
.......#.....#####...#
...##.###.......@Y...#
#....#......#....9..##
##.......#.#..#.....#
###..%.......##...### .#
...#......#.###%....#..#
..#....>..##...#......#
#............##.#....!.#
##.....###..#.##.##.....#
#..###.##.##.....###...#


You could see a yak and a gargoyle.

Vanquished Creatures
  The ghost of dm0 the Thaumaturge, an experienced DEWz of Vehumet (D:6)
  A two-headed ogre (D:8)
  A troll (D:8)
  A fire bat (D:8)
  5 yaks (D:9)
  4 porcupines (D:8)
  An orc warrior (D:6)
  A sky beast (D:6)
  6 ogres
  2 black bears
  2 boring beetles (D:9)
  A phantom (D:7)
  3 centaurs
  Duvessa (D:4)
  4 giant frogs (D:6)
  A wyvern skeleton (D:7)
  3 killer bees (D:7)
  A scorpion (D:4)
  3 wights (D:7)
  3 crimson imps
  Dowan (D:4)
  2 goliath beetles
  2 electric eels (D:7)
  3 orc priests (D:6)
  A jelly (D:6)
  An iguana (D:6)
  5 hounds
  A big fish (D:6)
  2 orc wizards
  3 worker ants
  Natasha (thrice) (D:3)
  A mummy (D:9)
  4 gnolls (D:6)
  7 green rats (D:5)
  A scorpion zombie (D:7)
  12 adders
  2 shadow imps
  A worm zombie (D:3)
  2 orc skeletons
  4 worms
  An adder skeleton (D:4)
  3 giant eyeballs
  2 giant geckos
  An ooze (D:2)
  13 orcs
  12 bats
  6 giant cockroaches
  10 goblins
  16 hobgoblins
  11 jackals
  9 kobolds
  5 quokkas
  A ball python (D:3)
  A giant gecko skeleton (D:3)
  A giant newt (D:1)
  A kobold skeleton (D:6)
  A kobold zombie (D:7)
  31 rats
  A spectral orc (D:4)
  2 ballistomycetes (D:8)
231 creatures vanquished.

Vanquished Creatures (others)
  A shadow imp (D:7)
  A giant cockroach (D:8)
  A giant spore (D:8)
3 creatures vanquished.

Grand Total: 234 creatures vanquished

Notes
Turn   | Place    | Note
--------------------------------------------------------------
     0 | D:1      | Heini, the Hill Orc Fighter, began the quest for the Orb.
     0 | D:1      | Reached XP level 1. HP: 19/19 MP: 1/1
    97 | D:1      | Reached skill level 4 in Fighting
   162 | D:1      | Reached XP level 2. HP: 22/27 MP: 2/2
   513 | D:1      | Reached XP level 3. HP: 27/34 MP: 3/3
   973 | D:2      | Reached XP level 4. HP: 38/41 MP: 4/4
  1437 | D:3      | Noticed an ogre
  1444 | D:3      | Killed an ogre
  1444 | D:3      | Reached skill level 5 in Armour
  1444 | D:3      | Reached XP level 5. HP: 9/47 MP: 5/5
  2153 | D:3      | Noticed Natasha
  2156 | D:3      | Killed Natasha
  2156 | D:3      | Reached skill level 5 in Fighting
  2266 | D:3      | Reached XP level 6. HP: 56/56 MP: 6/6
  2370 | D:3      | Noticed Natasha
  2374 | D:3      | Killed Natasha
  2455 | D:3      | Noticed Natasha
  2458 | D:3      | Killed Natasha
  2489 | D:4      | Found a basalt altar of Yredelemnul.
  2548 | D:4      | HP: 2/56 [ogre/giant club (26)]
  2551 | D:4      | Reached skill level 5 in Axes
  2716 | D:4      | Reached skill level 6 in Armour
  2954 | D:4      | Reached XP level 7. HP: 57/61 MP: 7/7
  2963 | D:4      | Noticed Duvessa
  2965 | D:4      | Noticed Dowan
  2972 | D:4      | Killed Duvessa
  2980 | D:4      | Killed Dowan
  3216 | D:4      | Got a faintly glowing ring mail
  3229 | D:4      | Identified the +1 ring mail of Cediud {Dex+2 Int+4} (You found it on level 4 of the Dungeon)
  3268 | D:4      | Found a snail-covered altar of Cheibriados.
  3681 | D:5      | Entered Level 5 of the Dungeon
  3855 | D:5      | Reached skill level 7 in Armour
  4253 | D:5      | Reached XP level 8. HP: 52/71 MP: 8/8
  4905 | D:6      | Reached skill level 8 in Axes
  4963 | D:6      | Found a staircase to the Ecumenical Temple.
  4996 | Temple   | Entered the Ecumenical Temple
  5162 | D:6      | Reached skill level 9 in Axes
  5230 | D:6      | Noticed dm0's ghost (experienced DEWz)
  5245 | D:6      | Killed dm0's ghost
  5251 | D:6      | Reached XP level 9. HP: 32/79 MP: 9/9
  5373 | D:6      | Paralysed by a giant eyeball for 3 turns
  5379 | D:6      | Reached skill level 10 in Axes
  5382 | D:6      | Paralysed by a giant eyeball for 3 turns
  5407 | D:6      | Found a radiant altar of Vehumet.
  5602 | D:7      | Found a sparkling altar of Nemelex Xobeh.
  5820 | D:7      | Reached skill level 11 in Axes
  5844 | D:7      | Found a white marble altar of Elyvilon.
  5940 | D:7      | Found a blossoming altar of Fedhas.
  6475 | D:7      | Found an iron altar of Okawaru.
  6484 | D:7      | Became a worshipper of Warmaster Okawaru
  6728 | D:8      | Found a glowing golden altar of the Shining One.
  6956 | D:8      | Reached skill level 12 in Axes
  6956 | D:8      | Reached XP level 10. HP: 86/90 MP: 10/10
  7286 | D:8      | Acquired Okawaru's first power
  7823 | D:9      | Paralysed by a giant eyeball for 4 turns
  7850 | D:9      | Reached skill level 13 in Axes
  7961 | D:9      | Found a staircase to the Lair.
  8043 | D:9      | HP: 3/92 [gargoyle/mace (14)]
  8046 | D:9      | Killed from afar by a gargoyle

Action                   |  1- 3 |  4- 6 |  7- 9 | 10-12 || total
-------------------------+-------+-------+-------+-------++-------
Melee: War axe           |   106 |   178 |       |       ||   284
       Battleaxe         |       |    18 |   463 |   117 ||   598
Evoke: Wand              |       |       |       |     4 ||     4
  Use: Scroll            |     8 |     1 |     9 |     2 ||    20
       Potion            |       |     2 |     1 |     1 ||     4
